Map: Rainfall LE

Players

RipNHammer

  • Race: Terran Terran
  • League: Master
  • Spawn Location: 11:00

SoccerMom - Winner!

  • Race: Zerg Zerg
  • League: Master
  • Spawn Location: 5:00

VOD

Have the link to the VOD?

Description

Time

  • Played on: Sept. 7, 2026, 9:55 a.m.
  • Length: 13:30
Show
View Real Time Build Order
Export as new Build Order

RipNHammer Terran 

Build Orders: Reaper Expand, Hellion Banshee 

Get SALT Encoding   

  8  0:00  SCV  
  9  0:12  SCV  
  10  0:24  SCV  
  11  0:36  SCV  
  11  0:39  Supply Depot  
  12  0:49  SCV  
  13  0:52  Refinery  
  13  1:01  SCV  
  14  1:05  Barracks  
  14  1:13  SCV  
  15  1:25  SCV  
  16  1:37  SCV  
  17  1:52  Reaper, Orbital Command  
  18  2:07  Command Center  
  18  2:18  SCV  
  19  2:25  Factory  
  19  2:30  SCV  
  19  2:31  Barracks Reactor  
  19  2:35  Refinery  
  20  2:47  SCV  
  20  2:50  Supply Depot  
  21  3:11  SCV  
  21  3:12  Starport  
  22  3:17  Hellion x2  
  26  3:20  Orbital Command  
  26  3:25  SCV  
  27  3:37  SCV  
  27  3:38  Hellion  
  30  3:42  Hellion  
  30  3:47  SCV  
  33  3:49  SCV  
  34  3:59  SCV  
  34  4:01  SCV  
  34  4:02  Viking  
  38  4:06  Barracks Tech Lab  
  38  4:11  SCV  
  38  4:12  Hellion  
  38  4:13  SCV  
  42  4:18  Supply Depot  
  42  4:40  SCV, Hellion  
  42  4:42  Supply Depot  
  42  4:43  Banshee, Cloaking Field  
  48  4:51  Hellion  
  50  4:57  Command Center  
  50  5:01  Supply Depot  
  50  5:03  SCV x2  
  52  5:10  Refinery  
  56  5:14  Hellion x2  
  56  5:15  SCV  
  56  5:21  SCV  
  58  5:26  Banshee, Refinery  
  58  5:28  SCV, Supply Depot  
  62  5:41  Hellion x2  
  66  5:50  SCV  
  67  5:58  SCV  
  67  5:59  Factory  
  67  6:01  Factory  
  67  6:02  SCV  
  69  6:08  Orbital Command, Banshee  
  69  6:10  SCV  
  73  6:15  SCV  
  74  6:22  SCV  
  75  6:27  SCV  
  76  6:44  Hellion x2  
  76  6:57  Factory  
  74  7:24  Hellion  
  74  7:25  Hellion  
  78  7:34  SCV x2  
  80  7:37  Hellion  
  80  7:40  SCV  
  85  7:46  SCV  
  85  7:49  SCV  
  87  7:57  Factory Tech Lab  
  87  7:58  Supply Depot, SCV  
  86  8:04  Orbital Command, Factory Tech Lab  
  87  8:05  Mag-Field Accelerator  
  87  8:07  SCV  
  87  8:13  SCV  
  87  8:19  SCV  
  89  8:21  Refinery, Supply Depot  
  89  8:23  Refinery  
  89  8:25  Cyclone x2, Siege Tank, Hellion  
  89  8:26  Hellion  
  102  8:32  SCV  
  103  8:36  SCV x2  
  88  8:44  SCV  
  88  8:45  Infernal Pre-Igniter  
  88  8:47  Hellion, Factory  
  89  8:48  SCV  
  89  8:57  Siege Tank x2, Cyclone  
  89  8:58  Hellion  
  97  9:08  Engineering Bay  
  97  9:12  Supply Depot  
  97  9:13  Hellion  
  99  9:23  Hellion  
  101  9:28  SCV x3  
  101  9:29  Cyclone x2  
  110  9:34  Supply Depot, Siege Tank  
  110  9:35  Hellion, Starport Reactor  
  110  9:38  Supply Depot  
  112  9:51  SCV  
  112  9:52  SCV x2  
  103  9:55  Armory  
  103  9:57  Armory  
  103  10:01  Cyclone, Siege Tank  
  103  10:04  SCV  
  103  10:06  Hellion, Cyclone  
  115  10:08  Supply Depot, SCV  
  115  10:09  Supply Depot  
  115  10:13  Command Center, Missile Turret  
  116  10:16  Missile Turret x2, Supply Depot  
  116  10:19  SCV x2  
  118  10:26  Sensor Tower  
  118  10:29  Hellion  
  118  10:30  Factory Tech Lab  
  118  10:31  SCV x3  
  118  10:33  Siege Tank, Cyclone  
  129  10:38  Siege Tank  
  129  10:42  Hellion  
  127  10:50  Cyclone  
  127  10:54  Widow Mine  
  114  11:04  Hellion  
  114  11:05  Cyclone, Siege Tank  
  114  11:08  Orbital Command  
  114  11:10  Cyclone  
  121  11:15  Widow Mine, Drilling Claws  
  121  11:16  Smart Servos  
  121  11:22  Terran Vehicle Weapons Level 1, Terran Vehicle And Ship Armor Level 1  
  121  11:23  Siege Tank  
  121  11:25  Hellion  
  126  11:29  Factory  
  126  11:36  Hellion  
  126  11:37  Siege Tank, Cyclone  
  134  11:43  Cyclone, SCV x2  
  140  11:54  Hellion  
  124  11:55  Siege Tank, SCV  
  124  11:59  Widow Mine  
  122  12:02  SCV  
  122  12:07  SCV  
  121  12:09  Cyclone, Siege Tank  
  121  12:10  Orbital Command  
  121  12:14  SCV  
  121  12:15  Hellion x2  
  129  12:20  Hellion  
  125  12:27  Cyclone  
  128  12:33  SCV  
  128  12:36  Siege Tank, Hellion  
  134  12:41  Cyclone  
  134  12:42  Siege Tank, Hellion  
  142  12:45  SCV x3  
  142  12:50  Refinery  
  145  12:51  Refinery  
  145  12:57  SCV x3  
  145  12:58  Widow Mine  
  153  13:09  SCV x2  
Show
View Real Time Build Order
Export as new Build Order

SoccerMom Zerg - Winner!

Build Orders: Hatch First 

Get SALT Encoding   

  8  0:01  Drone  
  9  0:10  Drone  
  10  0:16  Drone  
  11  0:27  Overlord  
  11  0:32  Drone  
  12  0:45  Drone x2  
  14  0:52  Drone  
  15  1:12  Hatchery  
  15  1:14  Drone  
  15  1:17  Drone  
  16  1:32  Spawning Pool  
  16  1:36  Drone  
  16  1:39  Drone  
  17  1:53  Overlord  
  17  2:12  Drone x2  
  17  2:14  Hatchery  
  18  2:16  Drone  
  19  2:25  Queen  
  21  2:33  Zergling x2  
  21  2:34  Zergling x2  
  23  2:42  Queen  
  25  2:45  Zergling x2  
  25  2:49  Drone  
  25  2:50  Drone  
  28  3:00  Drone x3  
  31  3:13  Queen, Overlord, Extractor  
  33  3:20  Overlord  
  33  3:26  Overlord  
  33  3:27  Drone x2  
  35  3:34  Queen  
  35  3:37  Drone  
  35  3:38  Drone  
  39  3:42  Drone  
  39  3:43  Drone  
  41  3:51  Drone x4  
  45  4:00  Drone x4  
  45  4:01  Drone  
  50  4:06  Extractor  
  50  4:09  Extractor  
  48  4:13  Drone x5  
  48  4:16  Extractor  
  52  4:22  Evolution Chamber  
  52  4:23  Evolution Chamber  
  52  4:24  Drone x3  
  51  4:32  Zergling x4  
  52  4:40  Drone x3  
  52  4:41  Queen  
  52  4:43  Overlord  
  57  4:53  Drone x3  
  57  4:55  Zerg Melee Weapons Level 1  
  60  5:05  Overlord x2  
  60  5:07  Zerg Ground Armor Level 1  
  60  5:09  Hatchery  
  59  5:15  Baneling Nest  
  59  5:17  Drone  
  59  5:18  Drone, Overlord  
  59  5:19  Overlord  
  60  5:23  Lair  
  60  5:27  Overlord  
  60  5:28  Drone x3  
  63  5:41  Drone x5  
  63  5:42  Drone x2  
  68  5:51  Zergling x6  
  68  5:52  Zergling x8  
  75  5:57  Zergling x2  
  75  6:01  Overlord  
  75  6:04  Queen  
  76  6:07  Zergling x10  
  83  6:24  Zergling x12  
  89  6:29  Pneumatized Carapace  
  89  6:30  Overlord  
  79  6:41  Hatchery  
  79  6:42  Metabolic Boost  
  79  6:43  Drone x10  
  79  6:44  Drone  
  85  6:52  Centrifugal Hooks  
  85  6:53  Zerg Melee Weapons Level 2  
  85  6:57  Infestation Pit  
  84  7:06  Overseer x3  
  84  7:07  Spore Crawler  
  83  7:09  Spore Crawler  
  83  7:13  Drone  
  83  7:14  Drone x3  
  82  7:25  Drone x3  
  82  7:26  Drone x3  
  88  7:34  Spine Crawler  
  88  7:36  Zerg Ground Armor Level 2  
  78  7:49  Drone x7  
  78  7:50  Drone  
  85  7:52  Drone  
  85  7:53  Drone x2  
  88  8:00  Drone  
  88  8:01  Drone x5  
  94  8:08  Hive  
  94  8:13  Spore Crawler  
  94  8:15  Spore Crawler  
  92  8:23  Drone  
  92  8:24  Drone x9  
  96  8:30  Drone  
  96  8:31  Drone x3  
  94  8:38  Drone x4  
  92  8:56  Zergling x6  
  92  8:57  Zergling x8, Swarm Host  
  92  9:02  Extractor  
  97  9:05  Extractor  
  97  9:06  Zergling x8  
  97  9:08  Baneling  
  97  9:09  Baneling x17  
  100  9:10  Baneling  
  100  9:16  Zergling x2  
  101  9:17  Zergling x12  
  105  9:30  Drone x3  
  105  9:31  Drone x2  
  110  9:34  Zergling x2  
  110  9:35  Spore Crawler, Zergling x4  
  107  9:51  Zergling x2  
  107  9:52  Zergling x22  
  112  9:58  Adrenal Glands  
  112  10:01  Drone x3, Extractor  
  112  10:03  Zerg Ground Armor Level 3, Zerg Melee Weapons Level 3  
  114  10:09  Zergling x2  
  114  10:10  Zergling x12  
  114  10:11  Queen  
  114  10:13  Overlord  
  123  10:18  Overseer x2  
  123  10:22  Overlord x4  
  121  10:32  Ultralisk Cavern  
  116  10:48  Zergling x22  
  116  10:53  Zergling x8  
  116  10:54  Zergling x6  
  119  10:58  Drone x2  
  119  10:59  Drone x2  
  122  11:14  Zergling x2  
  122  11:15  Zergling x10  
  128  11:19  Extractor  
  128  11:20  Drone x3, Extractor  
  128  11:21  Drone x3  
  128  11:23  Overlord x2  
  132  11:30  Overlord x2, Chitinous Plating  
  132  11:32  Ultralisk x2  
  150  11:33  Ultralisk  
  149  11:40  Zergling x8  
  127  11:54  Ultralisk  
  127  11:55  Ultralisk x2  
  127  12:00  Zergling x20  
  149  12:12  Zergling x2  
  149  12:13  Zergling x8  
  153  12:18  Zergling x6  
  154  12:24  Ultralisk x2, Overlord x2  
  154  12:29  Queen  
  167  12:40  Drone x2  
  167  12:41  Drone x2  
  171  12:45  Hatchery  
  169  12:58  Zergling x2  
Tags
 
Add a new tag
Caveats
  • Supply blocks, unpowered buildings, or Contaminate may cause inaccurate times.
  • Supply counts are checked every 10 seconds.